cohdb
Replays
Latest Replays
All Replays
Popular Replays
Top Player Replays
Match Explorer
How It Works
Community
CoH3 Stats
Reddit
Sign in to upload your games and track your stats! →
Sign in with Steam
Match 42409295
Unlisted
Match 42409295
Overview
Messages
Build Orders
End
Construct Infanterie Kompanie
MG 42 Machine Gun Team
Grenadier Squad
GrW 34 Mortar Team
MG 42 Machine Gun Team
Medical Station
GrW 34 Mortar Team
Construct Luftwaffe Kompanie
Jäger Squad
Jäger Squad
Support Elements
Construct Panzergrenadier Kompanie
StuG III G Assault Gun
StuG III G Assault Gun
Selects Terror Battlegroup
Selects Machine Gun Camouflage
Selects Contempt for the Weak
Selects Propaganda Leaflet Drop
Propaganda Leaflet Drop
Nebelwerfer 42 Rocket Launcher Team
251 Medium Carrier
Side Skirts
Forward Retreat Point
Construct Panzer Kompanie
Selects V1 Rocket Strike
Sturmpanzer IV Brummbär
Panzer Officer Quarters
Metalharl
RommelF
^3
Africanoblanco
Rorschach
乐乐
chigirenkovs
ChesTerMUST
0
0
Comments
sign in to comment!
No comments posted yet!